 Dungeon Crawl Stone Soup version 0.21-a0-538-gd16b88a (webtiles) character file.

151 KristoblXynda the Slasher (level 5, 0/61 HPs)
             Began as a Draconian Gladiator on Dec 16, 2017.
             Killed from afar by Ijyb (7 damage)
             ... with a wand of acid (11)
             ... on level 3 of the Dungeon.
             The game lasted 00:03:15 (1562 turns).

KristoblXynda the Slasher (Draconian Gladiator)     Turns: 1562, Time: 00:03:15

Health: 0/61       AC: 10    Str: 16    XL:     5   Next: 10%
Magic:  5/5        EV:  2    Int:  9    God:
Gold:   31         SH:  0    Dex: 18    Spells: 4/4 levels left

rFire    + . .     SeeInvis .   a - +0 long sword
rCold    + . .     Gourm    .   (no shield)
rNeg     + + +     Faith    .   (armour unavailable)
rPois    +         Spirit   .   (helmet currently unavailable)
rElec    +         Reflect  .   (cloak currently unavailable)
rCorr    +         Harm     .   (gloves currently unavailable)
MR       +....     NoTele   +   (boots currently unavailable)
Stlth    +++.......             (no amulet)
HPRegen  0.20/turn              f - ring of protection from magic
MPRegen  0.09/turn              (no ring)

@: agile, tree-form (expiring), resistant, corroded
A: unfitting armour, AC +5
a: no special abilities


You were on level 3 of the Dungeon.
You were hungry.
You were a tree.
You visited 1 branch of the dungeon, and saw 3 of its levels.

You collected 31 gold pieces.

Inventory:

Hand Weapons
 a - a +0 long sword (weapon)
Missiles
 c - 3 throwing nets (quivered)
Armour
 b - a +0 hat (melded)
Jewellery
 f - a ring of protection from magic (left branch)
Scrolls
 e - a scroll of identify
 i - a scroll of remove curse {unknown}
 j - 2 scrolls of fog {unknown}
 k - a scroll of blinking {unknown}
Potions
 h - a potion of agility
 l - a potion of lignification
 q - a potion of brilliance
Comestibles
 d - 2 bread rations
 m - a fruit
 n - 3 royal jellies
 o - 2 meat rations


   Skills:
 - Level 2.1 Fighting
 + Level 4.2 Long Blades
 - Level 2.2 Throwing
 + Level 3.7 Dodging
 + Level 2.0 Stealth


You had 4 spell levels left.
You didn't know any spells.

Dungeon Overview and Level Annotations

Branches:
Dungeon (3/15)

Altars:

Annotations:
D:3 Ijyb


Innate Abilities, Weirdness & Mutations

((Your plain brown scales are hard. (AC +5)))
You cannot fit into any form of body armour.
((You are cold-blooded and may be slowed by cold attacks.))


Message History

You hit Ijyb.
Ijyb is heavily wounded.
Ijyb zaps a wand.
Helpless, you fail to dodge the bolt of acid.
The acid corrodes you!
You are splashed with acid!
The acid burns!
* * * LOW HITPOINT WARNING * * *
You feel protected. Ijyb screams, "I no like you!" Ijyb barely misses you.
Unknown command.
You completely miss Ijyb.
Ijyb is heavily wounded.
Your transformation is almost over.
Ijyb hits you but does no damage.
You hit Ijyb but do no damage.
Ijyb is heavily wounded.
Ijyb zaps a wand.
Helpless, you fail to dodge the bolt of acid.
You resist.
You die...

#..............#
.............#
....<..g..o.###
#.go.......
##o##o.####
##.##.<##
#.w#.....
####o#...# .#
#.♣go#.#.# ..
#.###.<# .. .
... #.## ...
#.### #.# .. #
... s #... .....
##.... #...##


You could see Ijyb, a worm and 2 orcs.

Vanquished Creatures
  Jessica (D:2)
  Natasha (D:2)
  Terence (D:2)
  2 adders (D:2)
  An ooze (D:1)
  A dart slug (D:2)
  2 leopard geckos (D:1)
  3 orcs (D:3)
  A ball python (D:2)
  5 bats
  4 giant cockroaches
  6 goblins
  3 hobgoblins
  2 jackals (D:2)
  A quokka (D:2)
  2 frilled lizards
  6 kobolds
  4 rats
46 creatures vanquished.

Notes
Turn   | Place    | Note
-------+----------+-------------------------------------------
     0 | D:1      | KristoblXynda the Draconian Gladiator began the quest for the Orb.
     0 | D:1      | Reached XP level 1. HP: 17/17 MP: 1/1
   114 | D:1      | Reached XP level 2. HP: 19/24 MP: 2/2
   764 | D:2      | Reached XP level 3. HP: 13/29 MP: 3/3
  1035 | D:2      | Noticed Terence
  1050 | D:2      | Reached skill level 1 in Stealth
  1065 | D:2      | Killed Terence
  1065 | D:2      | Reached XP level 4. HP: 20/36 MP: 4/4
  1198 | D:2      | Noticed Jessica
  1273 | D:2      | Killed Jessica
  1273 | D:2      | Reached skill level 4 in Long Blades
  1301 | D:2      | Noticed Natasha
  1312 | D:2      | Killed Natasha
  1312 | D:2      | Reached XP level 5. HP: 41/41 MP: 5/5
  1529 | D:3      | Noticed Ijyb
  1562 | D:3      | Killed from afar by Ijyb

Vault maps used:
D:1:      minmay_arrival_widening_spiral_wide
D:2:      uniq_natasha, uniq_jessica, uniq_terence
D:3:      uniq_ijyb, uniq_crazy_yiuf_cottage

Skill      XL: |  1  2  3  4 |
---------------+-------------+-----
Throwing       | 2 |  2.2
Dodging        | 3 |  3.7
Stealth        | 1 2 |  2.0
Long Blades    | 4 |  4.2
Fighting       | |  2.1

Action                   |  1- 3 |  4- 6 || total
-------------------------+-------+-------++-------
Melee: Long sword        |    99 |    46 ||   145
       Tailslap          |    10 |     2 ||    12
  Use: Scroll            |     3 |     1 ||     4
       Potion            |     1 |     3 ||     4
  Eat: Chunk             |     1 |       ||     1
       Fruit             |       |     1 ||     1
Armor: Skin              |    51 |    22 ||    73
Dodge: Dodged            |   105 |    22 ||   127
       Rpst.: Long sword |    31 |     6 ||    37

Table legend:
 A = Spawn XP
 B = Non-spawn XP
 C = Spawn XP percentage of total XP
 D = Spawn monster count
 E = Non-spawn monster count
 F = Spawn count percentage of total count
 G = Total turns spent on level
                    A         B        C        D         E        F      G
               +---------+---------+-------+---------+---------+-------+---------
         Total |       0 |     216 |   0.0 |       0 |      46 |   0.0 |  1562
               +---------+---------+-------+---------+---------+-------+---------
           D:1 |       0 |      35 |   0.0 |       0 |      18 |   0.0 |   751
           D:2 |       0 |     170 |   0.0 |       0 |      24 |   0.0 |   768
           D:3 |       0 |      11 |   0.0 |       0 |       4 |   0.0 |    43
               +---------+---------+-------+---------+---------+-------+---------
